 Dungeon Crawl Stone Soup version 0.30-a0-778-g2ef04afb54 (console) character file.

Game seed: 3244616101712357523

119 rlgrobin the Chopper (level 5, 0/45 HPs)
             Began as a Meteoran Fighter on Feb 17, 2023.
             Slain by an iguana (10 damage)
             ... on level 4 of the Dungeon.
             The game lasted 00:01:53 (304 turns).

rlgrobin the Chopper (Meteoran Fighter)              Turns: 304, Time: 00:01:54

Health: 0/45       AC:  6    Str: 19    XL:     5   Next: 49%
Magic:  6/6        EV:  5    Int: 10    God:
Gold:   95         SH: 12    Dex: 13    Spells: 4/4 levels left

rFire   . . .      SeeInvis .    a - +0 war axe
rCold   . . .      Faith    .    f - +0 tower shield
rNeg    . . .      Spirit   .    b - +0 scale mail
rPois   .          Reflect  .    (no helmet)
rElec   .          Harm     .    (no cloak)
rCorr   .          Rampage  .    (no gloves)
Will    .....                    (no boots) Stlth
                                 (no amulet)
HPRegen 0.27/turn                (no ring)
MPRegen 0.10/turn                (no ring)

@: glowing
A: sense surroundings 1, otherworldly, glowing, explore regen
a: no special abilities


You were on level 4 of the Dungeon.
You visited 1 branch of the dungeon, and saw 4 of its levels.

You collected 95 gold pieces.

Inventory:

Hand Weapons
 a - a +0 war axe (weapon)
Armour
 b - a +0 scale mail (worn)
 c - a +0 buckler
 f - a +0 tower shield (worn)
Scrolls
 h - a scroll of teleportation
Potions
 d - a potion of heal wounds {unknown}
 e - a potion of lignification {unknown}


   Skills:
 - Level 3.2 Fighting
 + Level 6.1 Axes
 - Level 3.6 Armour
 - Level 3.6 Shields


You had 4 spell levels left.
You didn't know any spells.
Your spell library was empty.

Dungeon Overview and Level Annotations

Branches:
Dungeon (4/15) Zot: 2062
 Temple: D:4-7

Altars:


Innate Abilities, Weirdness & Mutations

You passively map a small area around you.
You are easily found by Zot.
You glow in the dark.
You regain HP and MP as you explore.


Message History

Found 6 stones.
An orc comes into view. It is wielding a +0 flail.
The orc shouts!
You hear an angry hiss.
You hear a shout! x3
An iguana comes into view.
A kobold comes into view. It is wielding a +0 short sword.
Found 17 gold pieces and a scroll labelled UCZISH NYDU.
The kobold shouts!
A black bear comes into view.
A kobold comes into view. It is wielding a +0 short sword.
The black bear growls angrily.
The kobold shouts!
You hear an angry hiss.
A ball python comes into view.
A gnoll comes into view. It is wielding a +0 halberd.
The orc attacks as you move away! The orc hits you but does no damage.
The orc attacks as you move away! You block the orc's attack.
You closely miss the orc. You block the orc's attack.
The orc hits you with a +0 flail. You block the iguana's attack.
The orc attacks as you move away! The orc hits you with a +0 flail.
The iguana attacks as you move away! You block the iguana's attack.
The orc attacks as you move away! The orc barely misses you.
The iguana attacks as you move away! The iguana bites you!
You hit the orc.
The orc is severely wounded.
The orc hits you with a +0 flail.
You slash the orc!
You kill the orc!
The iguana bites you!
You hit the iguana.
The iguana is lightly wounded.
The iguana bites you!
You are too injured to fight recklessly!
You are too injured to fight recklessly!
You hit the iguana.
The iguana is heavily wounded.
The iguana bites you but does no damage.
The iguana bites you!
* * * LOW HITPOINT WARNING * * *
You barely miss the iguana.
The iguana is heavily wounded.
The iguana bites you!
You die...

, ..?# #..# *
.$.g##..# ,
#.S.#..# #Kh...#
###....##
.........
....#...#########
......(..KKl@...#
,
....###..gS###..#
. #...#..#...#.#
,#.⌠.#..#.⌠.#.#
#...#~≈#...#.#
.≈###~≈≈~###~.##
,#..~≈≈≈≈≈≈≈≈≈...#
...~≈≈≈≈≈≈≈≈~...#
,,.~###~≈≈~###~..#


You could see an iguana, a gnoll, a ball python and 2 kobolds.

Vanquished Creatures
  An ogre (D:4)
  2 adders (D:4)
  An orc (D:4)
  4 ball pythons
  5 bats
  2 endoplasms
  A goblin (D:2)
  2 kobolds (D:4)
  2 rats
20 creatures vanquished.

Notes
Turn   | Place    | Note
-------+----------+-------------------------------------------
     0 | D:1      | rlgrobin the Meteoran Fighter began the quest for the Orb.
     0 | D:1      | Reached XP level 1. HP: 19/19 MP: 2/2
    56 | D:2      | Reached skill level 3 in Axes
    56 | D:2      | Reached XP level 2. HP: 26/26 MP: 3/3
   191 | D:4      | Noticed a hound
   195 | D:4      | Noticed a phantom
   203 | D:4      | Noticed an ogre
   207 | D:4      | Killed an ogre
   208 | D:4      | Reached skill level 5 in Axes
   208 | D:4      | Reached XP level 3. HP: 5/31 MP: 4/4
   208 | D:4      | Reached XP level 4. HP: 6/38 MP: 5/5
   208 | D:4      | Reached XP level 5. HP: 7/45 MP: 6/6
   263 | D:4      | Reached skill level 6 in Axes
   292 | D:4      | Noticed a black bear
   304 | D:4      | Slain by an iguana

Illustrated notes

Levels and vault maps discovered:
D:1:      lemuel_arrival_broad_hall, layout_loops_ring
D:2:      layout_basic, nicolae_wormholes
D:3:      layout_rooms, guppyfry_early_orc_mine
D:4:      layout_cave_pools, mainiacjoe_overflow_cross_hatched,
          gup_sewer_entry_spiral, serial_park, serial_park_gazebo
          [serial_park_minivault_5x5_7], serial_park_square2, fountainhead,
          palyth_stone_intersect, minmay_circle_x

Skill      XL: |  1  2  3  4  5 |
---------------+----------------+-----
Axes           | 3 5 6 |  6.1
Fighting       | |  3.2
Armour         | |  3.6
Shields        | |  3.6

Action                     |  1- 3 |  4- 6 || total
---------------------------+-------+-------++-------
  Melee: War axe           |    36 |    20 ||    56
    Use: Scroll            |     2 |       ||     2
         Potion            |     1 |       ||     1
 Armour: Scale mail        |    33 |     7 ||    40
  Dodge: Dodged            |    14 |     4 ||    18
  Block: Buckler           |     4 |       ||     4
         Tower shield      |    22 |    19 ||    41

Table legend: (Time is in decaauts)
 A = Elapsed time spent in this place.
 B = Non-inter-level travel time spent in this place.
 C = Inter-level travel time spent in this place.
 D = Time resting spent in this place.
 E = Time spent auto-exploring this place.
 F = Levels seen in this place.
 G = Mean time per level.
                   A        B        C        D        E       F      G
               +--------+--------+--------+--------+--------+-----+--------+
         Total |    336 |    336 |      0 |      0 |      0 |   4 |   84.0 |
       Dungeon |    336 |    336 |      0 |      0 |      0 |   4 |   84.0 |
               +--------+--------+--------+--------+--------+-----+--------+

Top non-repeatable levels by time:
     D:4: 122 daAuts
     D:3: 110 daAuts
     D:2: 88 daAuts
     D:1: 15 daAuts
